 Dungeon Crawl Stone Soup version 0.20.1-1-g8b1a95d (webtiles) character file.

219 Saithnar the Vandal (level 6, -1/41 HPs)
             Began as a Halfling Hunter on Aug 18, 2017.
             Was a Follower of Okawaru.
             Slain by dscm's ghost (13 damage)
             ... on level 3 of the Dungeon.
             The game lasted 00:14:47 (2176 turns).

Saithnar the Vandal (Halfling Hunter)               Turns: 2176, Time: 00:14:48

Health: -1/41      AC:  3    Str: 18    XL:     6   Next: 17%
Magic:  6/6        EV: 22    Int:  9    God:    Okawaru [*.....]
Gold:   134        SH:  0    Dex: 22    Spells: 5/5 levels left

rFire    . . .     SeeInvis .   a - +1 hunting sling
rCold    . . .     Gourm    .   (shield restricted)
rNeg     . . .     Faith    .   c - +0 leather armour
rPois    .         Spirit   .   (no helmet)
rElec    .         Reflect  .   (no cloak)
rCorr    .         Harm     .   (no gloves)
MR       .....                  (no boots)
Stlth    +++.......             (no amulet)
Regen    0.2/turn               (no ring)
MPRegen  0.1/turn               (no ring)

@: mighty, agile
A: mutation resistance 1
a: Heroism, Renounce Religion


You were on level 3 of the Dungeon.
You worshipped Okawaru.
Okawaru was aware of your devotion.
You were not hungry.

You visited 1 branch of the dungeon, and saw 3 of its levels.

You collected 134 gold pieces.

Inventory:

Hand Weapons
 a - a +1 hunting sling (weapon)
 b - a +0 short sword
 e - a +0 dagger
 g - a +0 trident of protection
 l - a +1 mace of protection
 t - a +0 dagger
 u - a +0 falchion
Missiles
 d - 13 sling bullets (quivered)
 i - 68 stones
Armour
 c - a +0 leather armour (worn)
 j - a +2 robe of magic resistance
Scrolls
 h - 2 scrolls of teleportation {unknown}
 m - a scroll of remove curse
 p - a scroll of recharging {unknown}
Potions
 s - a potion of resistance {unknown}
 v - a potion of curing {unknown}
Comestibles
 f - 3 bread rations
 k - a royal jelly
 q - 3 fruits


   Skills:
 + Level 2.9 Fighting
 + Level 7.7(8.0) Slings
 + Level 2.2(4.0) Throwing
 + Level 3.5 Dodging
 - Level 1.1 Stealth


You had 5 spell levels left.
You didn't know any spells.

Dungeon Overview and Level Annotations

Branches:
Dungeon (3/15)

Altars:
Okawaru

Annotations:
D:3 dscm's ghost, weakling DsFi


Innate Abilities, Weirdness & Mutations

You are small and have problems with some larger weapons.
You are somewhat resistant to further mutation.


Message History

You shoot a sling bullet.
The sling bullet hits dscm's ghost but does no damage.
Dscm's ghost is moderately damaged.
Dscm's ghost misses you.
Firing (i - inventory. (,) - cycle):
d - 14 sling bullets (quivered)
Press: ? - help, Shift-Dir - straight line, f/p - dscm's ghost
Aim: dscm's ghost (moderately damaged)
You shoot a sling bullet. The sling bullet hits dscm's ghost!
Dscm's ghost is almost destroyed.
Dscm's ghost shrieks, "I was like you once."
Dscm's ghost hits you.
It was a potion of magic.
Magic courses through your body.
Dscm's ghost laughs, "And you think you're capable of finding the ORB?
I had it, you know.
Then I gave it away so I could steal it AGAIN."
Dscm's ghost hits you.
* * * LOW HITPOINT WARNING * * *
You are too injured to fight recklessly!
It was a potion of might.
You feel very mighty all of a sudden. Dscm's ghost hits you!
You die...

.# ..(..# ###.# <(%..##
##### #... <.(.(.#
#...###.# #g(<... #...##..#
#(...# #...##.## #(..(##
#...##.#### #(.....
#.........#### #......
#...#..##.@Wg## ###......
#...#..#####..#####........
#...#..## ##...(.....(....
#...#...# ##....#####.##.
###...#.######.#### .# >
####..###......).# .#
#....## ###.###### ..
#.########..## .
###.##.....†...##


You could see dscm's ghost and a goblin.

Vanquished Creatures
  An ogre (D:3)
  An orc wizard (D:2)
  3 adders
  3 worms
  5 leopard geckos
  3 orcs
  5 giant cockroaches
  6 goblins
  9 hobgoblins
  3 jackals
  4 bats
  3 frilled lizards (D:1)
  4 kobolds (D:1)
  7 rats
57 creatures vanquished.

Notes
Turn   | Place    | Note
-------+----------+-------------------------------------------
     0 | D:1      | Saithnar the Halfling Hunter began the quest for the Orb.
     0 | D:1      | Reached XP level 1. HP: 14/14 MP: 1/1
    33 | D:1      | Reached skill level 6 in Slings
   142 | D:1      | Reached XP level 2. HP: 19/19 MP: 2/2
   398 | D:1      | Found an iron altar of Okawaru.
   426 | D:1      | Became a worshipper of Warmaster Okawaru
   519 | D:1      | Reached XP level 3. HP: 24/24 MP: 3/3
  1235 | D:2      | Reached skill level 1 in Throwing
  1493 | D:2      | Reached XP level 4. HP: 29/29 MP: 4/4
  1687 | D:2      | Reached skill level 7 in Slings
  1942 | D:3      | Reached XP level 5. HP: 32/35 MP: 5/5
  1980 | D:3      | Noticed an ogre
  2047 | D:3      | Killed an ogre
  2047 | D:3      | Reached XP level 6. HP: 31/41 MP: 6/6
  2143 | D:3      | Noticed dscm's ghost (weakling DsFi)
  2150 | D:3      | Reached * piety under Okawaru
  2176 | D:3      | Slain by dscm's ghost

Skill      XL: |  1  2  3  4  5 |
---------------+----------------+-----
Slings         | 6 7 |  7.7
Fighting       | 2 |  2.9
Throwing       | 1 2 |  2.2
Dodging        | 3 |  3.5
Stealth        | |  1.1

Action                   |  1- 3 |  4- 6 || total
-------------------------+-------+-------++-------
 Fire: Hunting sling     |    99 |    87 ||   186
  Use: Scroll            |     3 |       ||     3
       Potion            |       |     3 ||     3
  Eat: Chunk             |     1 |     1 ||     2
       Meat ration       |       |     1 ||     1
Armor: Leather armour    |     4 |    13 ||    17
Dodge: Dodged            |    11 |    68 ||    79
